AoeStats
← Joaquito

Arena

506692077Analyzed
3v3 RM · 17d ago on Sep 14, 2026· 36m 37s· 6 players
Game mode
Random Map
Map size
Normal (6 player)
Population
200
Speed
Normal
Resources
Standard
Victory
Conquest
Starting age
Dark Age
Ending age
Imperial Age
RankedLock teamsTeams togetherTeam positionsShared explorationLock speedFull tech treeHidden civsTurbo modeCheats
Victory
Defeat
🇦🇷 Burmese · Argentina
1129
+12
🇨🇱 Mongols · Chile
1074
+14
🇨🇱 Cumans · Chile
967
+18
🇪🇸 Italians · Spain
1164
-19
🇬🇧 Turks · United Kingdom
1052
-16
🇪🇸 Hindustanis · Spain
868
-9
kypraeos18
12:14 Feudal Age
16:06 Castle Age
14:07 Double-Bit Axe
31:26 Wheelbarrow
37:24 Hand Cart
RAPAZ
0:29 Loom
11:58 Feudal Age
17:04 Castle Age
15:11 Horse Collar
15:39 Double-Bit Axe
16:43 Scale Barding Armor
17:38 Forging
21:14 Bloodlines
23:41 Husbandry
26:53 Wheelbarrow
26:46 Gold Mining
29:26 Chain Barding Armor
30:47 Hand Cart
34:08 Light Cavalry
chinorron
10:51 Feudal Age
11:32 Double-Bit Axe
15:58 Castle Age
16:13 Gold Mining
17:29 Forging
20:14 Loom
22:22 Wheelbarrow
22:17 Scale Barding Armor
22:06 Horse Collar
23:46 Bloodlines
27:43 Husbandry
28:36 Heavy Plow
30:42 Hand Cart
30:53 Bow Saw
36:15 Imperial Age
34:43 Fletching
36:09 Bodkin Arrow
cacadecaca38
4:08 Loom
4:57 Loom
5:25 Loom
9:17 Loom
12:02 Feudal Age
18:33 Fletching
20:21 Padded Archer Armor
31:06 Castle Age
29:44 Horse Collar
29:51 Double-Bit Axe
30:00 Gold Mining
31:20 Crossbowman
32:06 Thumb Ring
33:52 Wheelbarrow
34:30 Bow Saw
34:59 Gold Shaft Mining
34:38 Capped Ram
36:30 Ballistics
36:09 Bodkin Arrow
37:27 Hand Cart
Joaquito
10:07 Feudal Age
15:29 Castle Age
13:18 Double-Bit Axe
15:23 Fletching
21:58 Bodkin Arrow
23:02 Bloodlines
28:38 Wheelbarrow
29:28 Loom
31:05 Hand Cart
30:37 Horse Collar
31:13 Scale Barding Armor
31:10 Padded Archer Armor
32:11 Gold Mining
32:16 Stone Mining
35:52 Gold Shaft Mining
Federati
8:02 Loom
10:15 Feudal Age
10:17 Man-at-Arms
11:22 Horse Collar
13:07 Arson
16:46 Forging
17:52 Scale Mail Armor
19:13 Wheelbarrow
24:38 Castle Age
24:40 Gold Mining
26:18 Iron Casting
25:59 Chain Mail Armor
25:57 Squires
25:43 Gambesons
25:21 Long Swordsman
26:10 Heavy Plow
29:22 Pikeman
36:37 Hand Cart
Connection lost

Rejoining the realm…

Still unreachable

The connection could not be restored.

Session expired

The server has moved on; the page needs a fresh start.